 Dungeon Crawl Stone Soup version 0.29-a0-340-g6efceafd81 (webtiles) character file.

Game seed: 4725293995954889282

3112 zishaf the Frost Mage (level 9, -2/71 HPs)
             Began as a Barachi Ice Elementalist on Apr 19, 2022.
             Was a Believer of Cheibriados.
             Killed from afar by a steam dragon (14 damage)
             ... with a ball of steam
             ... on level 7 of the Dungeon.
             The game lasted 00:15:34 (7153 turns).

zishaf the Frost Mage (Barachi Ice Elementalist)    Turns: 7153, Time: 00:15:35

Health: -2/71      AC: 15    Str: 14    XL:     9   Next: 91%
Magic:  25/27      EV: 10    Int: 23    God:    Cheibriados [**....]
Gold:   636        SH:  7    Dex: 23    Spells: 13/20 levels left

rFire   . . .      SeeInvis .   o - +0 dagger (elec)
rCold   + . .      Faith    .   d - +0 buckler
rNeg    . . .      Spirit   .   q - +3 scale mail {rC+}
rPois   +          Reflect  .   J - +0 helmet
rElec   .          Harm     .   n - +2 cloak {rPois}
rCorr   .          Rampage  .   O - +0 pair of gloves
Will    .....                   m - +0 pair of boots
Stlth   +.........              (no amulet)
HPRegen 0.21/turn               l - ring of magical power
MPRegen 0.20/turn               G - +6 ring of dexterity

@: freezing walls, studying 2 skills, very slow
A: amphibious, slowness 1, strong legs 1, +LOS
a: Hop, Renounce Religion, Bend Time


You were on level 7 of the Dungeon.
You worshipped Cheibriados.
Cheibriados was pleased with you.
You visited 2 branches of the dungeon, and saw 8 of its levels.
You also visited: Ossuary.

You collected 636 gold pieces.

Inventory:

Hand Weapons
 i - a +1 dagger of venom
 o - a +0 dagger of electrocution (weapon)
 r - a +3 trident
 D - a +1 shortbow of freezing
 L - a +2 rapier of holy wrath
 M - a +4 short sword
Missiles
 e - 3 boomerangs of dispersal
 s - 6 poisoned darts
 N - 7 curare-tipped darts
Armour
 d - a +0 buckler (worn)
 m - a +0 pair of boots (worn)
 n - a +2 cloak of poison resistance (worn)
 q - a +3 scale mail of cold resistance (worn)
 x - a +1 leather armour of fire resistance
 I - the +3 leather armour of Zotaze Xescho {rPois Str+3 Dex+3}
   (You found it on level 7 of the Dungeon)

   Str:       It affects your strength (+3).
   Dex:       It affects your dexterity (+3).
   rPois:     It protects you from poison.
 J - a +0 helmet (worn)
 O - a +0 pair of gloves (worn)
Jewellery
 l - a ring of magical power (left hand)
 y - a ring of resist corrosion
 G - a +6 ring of dexterity (right hand)
Wands
 a - a wand of flame (11)
 w - a wand of polymorph (8)
 H - a wand of paralysis (1)
 P - a wand of iceblast (7)
Scrolls
 j - 6 scrolls of immolation
 E - a scroll of brand weapon {unknown}
 F - a scroll of noise {unknown}
 K - a scroll of summoning {unknown}
Potions
 b - 4 potions of magic
 c - 2 potions of brilliance
 f - 3 potions of mutation
 g - 3 potions of attraction
 h - 5 potions of lignification
 k - a potion of cancellation {unknown}
 p - a potion of degeneration
 t - 2 potions of flight {unknown}
 u - 3 potions of might
 v - a potion of invisibility {unknown}
 z - 2 potions of berserk rage {unknown}
 A - 4 potions of heal wounds {unknown}
 B - 4 potions of curing {unknown}
 C - a potion of haste


   Skills:
 + Level 6.6 Fighting
 - Level 2.1 Dodging
 - Level 1.7 Stealth
 - Level 6.0 Shields
 + Level 6.4 Spellcasting
 - Level 10.0 Ice Magic
 + Level 4.7 Invocations


You had 13 spell levels left.
You knew the following spells:

 Your Spells              Type           Power      Damage    Failure   Level
a - Freeze                Ice            100%       1d11      1%          1
b - Frozen Ramparts       Ice            100%       1d12      2%          3
c - Ozocubu's Armour      Ice            52%        N/A       2%          3

Your spell library contained the following spells:

 Spells                   Type           Power      Damage    Failure   Level
 Magic Dart               Conj           28%        1d4       43%         1
 Hailstorm                Conj/Ice       30%        3d8       52%         4
 Call Imp                 Summ           7%         N/A       56%         2
 Scorch                   Fire           14%        2d6       56%         2
 Conjure Flame            Conj/Fire      7%         6-21      80%         3
 Ignite Poison            Fire/Tmut/Pois 7%         N/A       80%         3
 Mephitic Cloud           Conj/Pois/Air  7%         N/A       80%         3
 Flame Wave               Conj/Fire      7%         2d5       99%         4
 Sticky Flame             Conj/Fire      7%         2d3       99%         4
 Blade Hands              Tmut           3%         N/A       100%        5
 Irradiate                Conj/Tmut      3%         3d14      100%        5
 Summon Cactus Giant      Summ           3%         N/A       100%        6
 Dragon Form              Tmut           3%         N/A       100%        7


Dungeon Overview and Level Annotations

Branches:
Dungeon (7/15)             Temple (1/1) D:4         Ossuary (visited)

Altars:
Ashenzari
Cheibriados
Dithmenos
Elyvilon
Fedhas
Gozag
Hepliaklqana
Kikubaaqudgha
Makhleb
Nemelex Xobeh
Okawaru
Qazlal
Ru
Sif Muna
Trog
Uskayaw
Vehumet
Wu Jian
Xom
Zin
The Shining One

Shops:
D:2 [


Innate Abilities, Weirdness & Mutations

You are amphibious.
You cover ground slowly.
You can hop short distances.
You have an extended range of vision and can be seen from far away.


Message History

Found a glaive.
The steam dragon hisses angrily.
Found a leather armour.
You block the steam dragon's attack.
The steam dragon claws you but does no damage.
The steam dragon bites you but does no damage.
The steam dragon claws you but does no damage.
Casting: Ozocubu's Armour (mildly dangerous; 2% risk of failure)
Confirm with . or Enter, or press ? or * to list all spells.
Casting: Frozen Ramparts (mildly dangerous; 2% risk of failure)
Press: ? - help, Dir - look around, f - activate The walls around you are covered in ice.
The wall freezes the steam dragon.
The steam dragon breathes steam at you. The ball of steam hits you!!
You barely miss the steam dragon.
The steam dragon is lightly wounded.
You are engulfed in a cloud of scalding steam.
The wall freezes the steam dragon!
The steam dragon bites you! You block the steam dragon's attack.
You are too injured to fight recklessly!
You barely miss the steam dragon.
The steam dragon is moderately wounded.
You are engulfed in a cloud of scalding steam.
* * * LOW HITPOINT WARNING * * *
The wall freezes the steam dragon.
The steam dragon bites you but does no damage.
The steam dragon claws you but does no damage.
You hit the steam dragon but do no damage.
The steam dragon is moderately wounded.
You are engulfed in a cloud of scalding steam.
The wall freezes the steam dragon.
The steam dragon barely misses you.
The steam dragon claws you but does no damage.
You barely miss the steam dragon.
The steam dragon is heavily wounded.
You are engulfed in a cloud of scalding steam.
* * * LOW HITPOINT WARNING * * *
The wall freezes the steam dragon.
The steam dragon breathes steam at you. The ball of steam hits you!
You die...

..........##.#####..## #.##.##.#
##.######.......##...###.......#
##.# #.##.#........####...###
...# #.##.#.#......)))....# ####
#.##..........####...#
#.####.#.........##### #..
#.####.####.# ### #.####.# #.#
#.ยง@D..# #.######
####.....##......#
#.....#######.# #..)..# #####.#
#.....###...#.# .[...##......#
#######......# #.....## ##<..##


You could see a steam dragon (catching breath).

Vanquished Creatures
  A troll (D:5)
  A hornet (D:5)
  Sigmund (D:2)
  A wraith (D:6)
  Duvessa (D:6)
  3 water moccasins
  An ice beast (D:7)
  2 sky beasts
  An orc warrior (D:6)
  A black bear (D:4)
  2 ogres
  A centaur (D:5)
  3 phantoms
  A kobold brigand (D:6)
  Blork the orc (D:6)
  A bullfrog (D:6)
  A scorpion (D:5)
  3 killer bees (D:6)
  A howler monkey (D:6)
  2 jellies (D:6)
  2 hounds (D:4)
  Crazy Yiuf (D:2)
  A gnoll shaman (D:5)
  Terence (D:2)
  2 iguanas
  2 orc wizards (D:7)
  8 mummies (Ossuary)
  3 gnolls (D:3)
  4 adders
  2 ufetubi
  4 dart slugs
  23 orcs
  7 ball pythons
  6 bats
  7 endoplasms
  4 giant cockroaches
  4 goblins
  7 hobgoblins
  6 kobolds
  8 quokkas
  2 frilled lizards
  2 gnoll zombies (Ossuary)
  2 hobgoblin zombies (Ossuary)
  A kobold zombie (Ossuary)
  3 orc zombies (Ossuary)
  A quokka zombie (D:4)
  5 rats
  A rat zombie (D:4)
148 creatures vanquished.

Vanquished Creatures (others)
  Dowan (D:6)
1 creature vanquished.

Grand Total: 149 creatures vanquished

Notes
Turn   | Place    | Note
-------+----------+-------------------------------------------
     0 | D:1      | zishaf the Barachi Ice Elementalist began the quest for the
                  | Orb.
     0 | D:1      | Reached XP level 1. HP: 13/13 MP: 3/3
   151 | D:1      | Reached skill level 5 in Ice Magic
   249 | D:1      | Reached XP level 2. HP: 20/20 MP: 1/5
   605 | D:1      | Reached skill level 1 in Fighting
   675 | D:1      | Found a faded altar of an unknown god.
   700 | D:1      | You fall into a shaft and drop 1 floor!
  1003 | D:1      | Reached XP level 3. HP: 26/26 MP: 7/7
  1083 | D:1      | Learned a level 3 spell: Frozen Ramparts
  1214 | D:1      | Learned a level 3 spell: Ozocubu's Armour
  1294 | D:2      | Found a runed translucent door.
  1295 | D:2      | Noticed Crazy Yiuf
  1301 | D:2      | Killed Crazy Yiuf
  1302 | D:2      | Reached skill level 1 in Shields
  1423 | D:2      | Noticed Terence
  1447 | D:2      | Killed Terence
  1448 | D:2      | Reached XP level 4. HP: 26/32 MP: 8/8
  1534 | D:2      | Noticed Sigmund
  1547 | D:2      | Killed Sigmund
  1548 | D:2      | Reached skill level 7 in Ice Magic
  1548 | D:2      | Reached XP level 5. HP: 27/37 MP: 9/9
  1548 | D:2      | Reached XP level 6. HP: 31/43 MP: 10/10
  1837 | D:2      | Found Coru's Antique Armour Emporium.
  2221 | D:3      | Noticed a sky beast
  2230 | D:3      | Killed a sky beast
  3076 | D:4      | Reached skill level 8 in Ice Magic
  3167 | D:4      | Reached XP level 7. HP: 37/48 MP: 11/11
  3235 | D:4      | Found a sand-covered staircase.
  3242 | Ossuary  | Entered an ossuary
  3391 | Ossuary  | Reached skill level 9 in Ice Magic
  3986 | D:4      | Reached skill level 5 in Shields
  3986 | D:4      | Reached XP level 8. HP: 51/54 MP: 12/12
  4264 | D:4      | Found a staircase to the Ecumenical Temple.
  4278 | Temple   | Entered the Ecumenical Temple
  4507 | Temple   | Became a worshipper of Cheibriados the Contemplative
  4688 | D:5      | Entered Level 5 of the Dungeon
  5156 | D:5      | Reached skill level 10 in Ice Magic
  5330 | D:5      | Reached skill level 1 in Invocations
  5344 | D:5      | Noticed a troll
  5355 | D:5      | Killed a troll
  5363 | D:5      | Noticed a hornet
  5429 | D:5      | Killed a hornet
  5430 | D:5      | Reached XP level 9. HP: 65/65 MP: 15/15
  5896 | D:6      | Reached * piety under Cheibriados
  5913 | D:6      | Noticed Blork the orc
  5930 | D:6      | Killed Blork the orc
  5931 | D:6      | Reached skill level 5 in Spellcasting
  6084 | D:6      | Reached skill level 5 in Fighting
  6440 | D:6      | Reached ** piety under Cheibriados
  6710 | D:6      | Noticed Duvessa
  6713 | D:6      | Noticed Dowan
  6720 | D:6      | Killed Dowan
  6722 | D:6      | Killed Duvessa
  6956 | D:7      | Identified the +3 leather armour of Zotaze Xescho {rPois
                  | Str+3 Dex+3}
  7153 | D:7      | Killed from afar by a steam dragon

Illustrated notes

Levels and vault maps discovered:
D:1:      mrwooster_arrival_statue, layout_loops_corners,
          chequers_ecumenical_altar_grove, st_stairs_14
D:2:      layout_basic, serial_shops, shop, uniq_sigmund,
          uniq_crazy_yiuf_cottage, uniq_terence
D:3:      layout_loops_ring, kennysheep_generic_room_14
D:4:      layout_basic, minmay_temple_entry_offerings, enter_ossuary_4,
          small_statue_intersection, kennysheep_donut
D:5:      layout_basic, minmay_misc_feat_more_columns, minmay_manual_maat
D:6:      layout_basic, uniq_duvessa, uniq_blork_the_orc
D:7:      layout_loops_cross
Temple:   mainiacjoe_temple_starburst

Skill      XL: |  1  2  3  4  5  6  7  8  9 |
---------------+----------------------------+-----
Ice Magic      | 5 7 8 9 10 | 10.0
Fighting       | 1 3 6 |  6.6
Shields        | 1 3 4 5 6 |  6.0
Spellcasting   | 3 4 6 |  6.4
Invocations    | 2 4 |  4.7
Dodging        | |  2.1
Stealth        | |  1.7

Action                   |  1- 3 |  4- 6 |  7- 9 || total
-------------------------+-------+-------+-------++-------
Melee: Dagger            |    29 |    56 |   220 ||   305
 Cast: Freeze            |    19 |     3 |    33 ||    55
       Frozen Ramparts   |     1 |     6 |    21 ||    28
       Ozocubu's Armour  |     1 |     3 |    12 ||    16
 Abil: Hop               |       |     1 |     1 ||     2
  Use: Scroll            |       |    10 |     1 ||    11
 Stab: Sleeping          |     2 |     4 |     1 ||     7
Armor: Robe              |    16 |     6 |       ||    22
       Leather armour    |       |    13 |    53 ||    66
       Scale mail        |       |       |    52 ||    52
Dodge: Dodged            |    19 |    33 |   125 ||   177
Block: Buckler           |     4 |    11 |    70 ||    85

Table legend: (Time is in decaauts)
 A = Elapsed time spent in this place.
 B = Non-inter-level travel time spent in this place.
 C = Inter-level travel time spent in this place.
 D = Time resting spent in this place.
 E = Time spent auto-exploring this place.
 F = Levels seen in this place.
 G = Mean time per level.
                   A        B        C        D        E       F      G
               +--------+--------+--------+--------+--------+-----+--------+
         Total |   8729 |   8283 |    446 |    409 |   6163 |   9 |  969.9 |
       Dungeon |   7668 |   7300 |    368 |    153 |   5704 |   7 | 1095.4 |
        Temple |    353 |    275 |     78 |      0 |    265 |   1 |  353.0 |
       Ossuary |    707 |    707 |      0 |    256 |    193 |   1 |  707.0 |
               +--------+--------+--------+--------+--------+-----+--------+

Top non-repeatable levels by time:
     D:5: 1641 daAuts
     D:1: 1436 daAuts
     D:6: 1376 daAuts
     D:3: 1079 daAuts
     D:2: 1000 daAuts
     D:4: 776 daAuts
 Ossuary: 707 daAuts
     D:7: 358 daAuts
  Temple: 353 daAuts
